 Dungeon Crawl Stone Soup version 0.19.3-4-gbf9329e (webtiles) character file.

905 pib the Firebug (level 8, -9/41 HPs)
             Began as a Tengu Fire Elementalist on Jan 28, 2017.
             Was an Initiate of Vehumet.
             Mangled by a gnoll
             ... wielding a +0 flail
              (14 damage)
             ... on level 5 of the Dungeon.
             The game lasted 00:25:18 (6159 turns).

pib the Firebug (Tengu Fire Elementalist)           Turns: 6159, Time: 00:25:20

Health: -9/41      AC: -2    Str:  8    XL:     8   Next: 8%
Magic:  1/16       EV: 13    Int: 18    God:    Vehumet [......]
Gold:   219        SH:  0    Dex: 15    Spells: 4 memorised, 6 levels left

rFire  . . .     SeeInvis .     l - +0 flail (holy)
rCold  . . .     Gourm    .     a - +0 robe
rNeg   . . .     Faith    .     (no shield)
rPois  .         Spirit   .     (helmet restricted)
rElec  .         Reflect  .     (no cloak)
rCorr  .         Harm     .     (no gloves)
MR     +....                    (boots unavailable)
Stlth  ++........               (no amulet)
                                (no ring)
                                C - ring of protection from magic

@: corroded
A: beak, talons 3, able to fly 1
a: Fly, Renounce Religion


You were on level 5 of the Dungeon.
You worshipped Vehumet.
Vehumet was noncommittal.
You were hungry.

You visited 2 branches of the dungeon, and saw 8 of its levels.

You collected 271 gold pieces.
You spent 52 gold pieces at shops.

Inventory:

Hand Weapons
 e - a +0 short sword
 f - a +0 mace
 h - a +0 hunting sling
 k - a +0 long sword
 l - a +0 flail of holy wrath (weapon)
 p - a +0 blowgun
 y - a +0 rapier of draining
Missiles
 n - 6 poisoned needles
Armour
 a - a +0 robe (worn)
Jewellery
 C - a ring of protection from magic (left hand)
Wands
 m - a wand of heal wounds (2/9)
Scrolls
 d - a scroll of immolation
 o - 3 scrolls of fog
 s - 2 scrolls of blinking
 w - a scroll of remove curse
 x - a scroll of teleportation {unknown}
 z - a scroll of vulnerability {unknown}
 A - a scroll of noise {unknown}
 D - 4 scrolls of identify
 F - a scroll of enchant armour {unknown}
Potions
 g - a potion of might {unknown}
 j - 2 potions of degeneration {unknown}
 t - 4 potions of heal wounds {unknown}
 u - a potion of flight {unknown}
 v - a potion of brilliance {unknown}
Books
 b - a book of Flames

   Spells                             Type                      Level
   a - Flame Tongue                   Conjuration/Fire             1
   b - Throw Flame                    Conjuration/Fire             2
   c - Conjure Flame                  Conjuration/Fire             3
   d - Inner Flame                    Hexes/Fire                   3
   e - Sticky Flame                   Conjuration/Fire             4
   f - Fireball                       Conjuration/Fire             5
 r - a book of Minor Magic

   Spells                             Type                      Level
   a - Magic Dart                     Conjuration                  1
   b - Blink                          Translocation                2
   c - Call Imp                       Summoning                    2
   d - Repel Missiles                 Charms/Air                   2
   e - Slow                           Hexes                        2
   f - Conjure Flame                  Conjuration/Fire             3
   g - Mephitic Cloud                 Conjuration/Poison/Air       3
Comestibles
 c - 4 bread rations
 i - a slice of pizza
 q - 2 meat rations
 E - 4 fruits


   Skills:
 - Level 3.1 Dodging
 - Level 2.0 Stealth
 + Level 5.1 Spellcasting
 + Level 5.2 Conjurations
 + Level 5.7 Fire Magic
 - Level 3.0 Air Magic
 - Level 2.2 Poison Magic


You had 6 spell levels left.
You knew the following spells:

 Your Spells              Type           Power        Failure   Level  Hunger
a - Flame Tongue          Conj/Fire      ###..        1%          1    None
b - Conjure Flame         Conj/Fire      ###.....     4%          3    ##.....
c - Sticky Flame          Conj/Fire      ###.....     17%         4    ####...
d - Mephitic Cloud        Conj/Pois/Air  ###.....     12%         3    ##.....


Dungeon Overview and Level Annotations

Branches:
Dungeon (7/15)             Temple (1/1) D:5

Altars:
Ashenzari
Dithmenos
Elyvilon
Fedhas
Gozag
Hepliaklqana
Kikubaaqudgha
Makhleb
Nemelex Xobeh
Okawaru
Qazlal
Trog
Uskayaw
Vehumet
Xom
Yredelemnul
Zin
The Shining One

Shops:
D:6 *

Annotations:
D:2 Natasha
D:7 Dowan, Duvessa


Innate Abilities, Weirdness & Mutations

You have a beak for a mouth.
You have claws for feet.
You can fly.


Message History

Zapping:
m - a wand of heal wounds (will waste charges)
Press: ? - help, Shift-Dir - straight line, f - you, p - gnoll You feel much better.
Evoking this partially-identified wand wasted a few charges.
The gnoll hits you with a spear! The gnoll hits you with a flail.
You hit the gnoll but do no damage. Your kick misses the gnoll.
The gnoll is heavily wounded.
The gnoll closely misses you. The gnoll hits you with a flail!
The gnoll barely misses you.
You hit the gnoll. Your kick misses the gnoll.
You peck the gnoll, but do no damage.
The gnoll is severely wounded.
The gnoll hits you with a flail. The gnoll barely misses you.
You hit the gnoll.
You kill the gnoll!
Vehumet accepts your kill. The gnoll hits you with a flail!
* * * LOW HITPOINT WARNING * * *
The gnoll hits you with a flail!
You die...

#..##.......###
#.# #.###..##
#. #.###..# #
..##..##
.###..# #
#...## #.#†.#
#.##g# .. #@#
.## #)## .#
#..## #. ##..#
#.....#
#........
.J...........
...J...........
##[............


You could see a gnoll.

Vanquished Creatures
  2 ice beasts
  A phantom (D:4)
  An ogre (D:4)
  Blork the orc (D:5)
  A scorpion (D:7)
  A crimson imp (D:6)
  A hound (D:7)
  A jelly (D:5)
  2 bullfrog skeletons
  2 worker ants
  2 hound skeletons
  A worker ant zombie (D:5)
  6 gnolls
  6 adders
  An ooze (D:5)
  2 worms
  An adder skeleton (D:3)
  4 leopard geckos
  7 orcs
  5 bats
  3 giant cockroaches
  6 goblins
  9 hobgoblins
  4 jackals
  8 kobolds
  2 quokkas
  2 ball pythons
  5 frilled lizards
  A rat (D:2)
88 creatures vanquished.

Notes
Turn   | Place    | Note
-------+----------+-------------------------------------------
     0 | D:1      | pib the Tengu Fire Elementalist began the quest for the Orb.
     0 | D:1      | Reached XP level 1. HP: 10/10 MP: 4/4
   144 | D:1      | Reached XP level 2. HP: 15/15 MP: 3/6
  1041 | D:2      | Noticed Natasha
  1044 | D:2      | Noticed a crimson imp
  1196 | D:2      | Reached XP level 3. HP: 15/19 MP: 5/7
  1707 | D:2      | Learned a level 3 spell: Conjure Flame
  2172 | D:3      | Reached XP level 4. HP: 22/24 MP: 5/9
  2244 | D:3      | Learned a level 4 spell: Sticky Flame
  3150 | D:4      | Gained mutation: You can fly. [Tengu growth]
  3150 | D:4      | Reached XP level 5. HP: 15/28 MP: 7/10
  3383 | D:4      | You fall through a shaft for 3 floors!
  3383 | D:7      | Found a sparkling altar of Nemelex Xobeh.
  3629 | D:7      | Reached XP level 6. HP: 23/32 MP: 7/12
  3637 | D:7      | Noticed Duvessa
  3638 | D:7      | Noticed Dowan
  3807 | D:6      | Learned a level 3 spell: Mephitic Cloud
  3820 | D:5      | Entered Level 5 of the Dungeon
  4011 | D:6      | Noticed an ice beast
  4018 | D:6      | Killed an ice beast
  4018 | D:6      | Reached skill level 1 in Air Magic
  4099 | D:6      | Reached skill level 1 in Poison Magic
  4355 | D:6      | Found Haenkek's Assorted Antiques.
  4363 | D:6      | Bought a scroll of identify for 52 gold pieces
  4557 | D:6      | Reached skill level 5 in Conjurations
  4709 | D:5      | Found a staircase to the Ecumenical Temple.
  4721 | Temple   | Entered the Ecumenical Temple
  4797 | Temple   | Became a worshipper of Vehumet
  4833 | D:5      | Reached XP level 7. HP: 36/36 MP: 11/13
  4956 | D:5      | Noticed Blork the orc
  4972 | D:5      | Killed Blork the orc
  5336 | D:4      | Reached skill level 5 in Fire Magic
  5814 | D:4      | Reached skill level 5 in Spellcasting
  5814 | D:4      | Reached XP level 8. HP: 30/41 MP: 3/16
  6159 | D:5      | Mangled by a gnoll

Skill      XL: |  1  2  3  4  5  6  7 |
---------------+----------------------+-----
Conjurations   | 2 3 4 5 |  5.2
Fire Magic     | 4 5 |  5.7
Spellcasting   | 3 5 |  5.1
Dodging        | 3 |  3.1
Air Magic      | 2 3 |  3.0
Poison Magic   | 1 2 |  2.2
Stealth        | |  2.0

Action                   |  1- 3 |  4- 6 |  7- 9 || total
-------------------------+-------+-------+-------++-------
Melee: Unarmed           |     5 |       |       ||     5
       Kick              |     1 |     3 |     1 ||     5
       Flail             |       |     7 |    21 ||    28
       Peck              |       |       |     3 ||     3
 Cast: Flame Tongue      |    60 |    88 |    49 ||   197
       Conjure Flame     |       |     2 |     8 ||    10
       Mephitic Cloud    |       |       |    10 ||    10
       Sticky Flame      |       |       |     1 ||     1
 Abil: Fly               |       |     1 |     1 ||     2
Evoke: Wand              |       |       |     1 ||     1
  Use: Scroll            |     1 |     3 |     3 ||     7
  Eat: Chunk             |     4 |     9 |     5 ||    18
Armor: Robe              |     2 |     4 |     3 ||     9
Dodge: Dodged            |    26 |    27 |    37 ||    90
       Rpst.: Long sword |     1 |       |       ||     1
